 Dungeon Crawl Stone Soup version 0.29-a0-1065-g47a6bb87d6 (webtiles) character file.

Game seed: 8673907474922638090

4434 jfcaron the Skirmisher (level 10, -2/79 HPs)
             Began as a Gnoll Hunter on Aug 18, 2022.
             Was a Follower of Nemelex Xobeh.
             Slain by a yak (10 damage)
             ... on level 8 of the Dungeon.
             The game lasted 00:27:00 (9443 turns).

jfcaron the Skirmisher (Gnoll Hunter)               Turns: 9443, Time: 00:27:02

Health: -2/79      AC: 13    Str: 16    XL:     10   Next: 36%
Magic:  27/27      EV: 12    Int: 10    God:    Nemelex Xobeh [*.....]
Gold:   294        SH:  5    Dex: 15    Spells: 12/19 levels left

rFire   . . .      SeeInvis .   L - +2 hand axe (vamp)
rCold   + + .      Faith    .   (no shield)
rNeg    . . .      Spirit   .   m - +2 scale mail {rPois}
rPois   +          Reflect  +   r - +1 helmet "Eneafe" {rC++ Int+2}
rElec   .          Harm     .   (no cloak)
rCorr   .          Rampage  .   d - +1 pair of gloves
Will    .....                   (no boots)
Stlth   ++........              N - amulet of reflection
HPRegen 0.23/turn               z - ring of magical power
MPRegen 0.20/turn               (no ring)

@: no status effects
A: fangs 1, strong nose, distributed training
a: Renounce Religion, Draw Escape, Draw Destruction, Draw Summoning


You were on level 8 of the Dungeon.
You worshipped Nemelex Xobeh.
Nemelex Xobeh was aware of your devotion.
You visited 2 branches of the dungeon, and saw 9 of its levels.
You also visited: Sewer and Ossuary.

You collected 294 gold pieces.

Inventory:

Hand Weapons
 a - a +0 shortbow
 c - a +0 trident
 j - a +0 sling
 u - a +2 hammer of protection
 w - a +0 morningstar
 A - a +4 hand axe
 E - a +1 dagger of holy wrath
 F - a +1 dagger of draining
 H - a +0 arbalest
 J - a +6 short sword
 L - a +2 vampiric hand axe (weapon)
Missiles
 b - 2 boomerangs (quivered)
 k - 64 stones
 q - 5 curare-tipped darts {!f}
 s - 11 poisoned darts
 M - 6 silver boomerangs
 P - a throwing net {!f}
Armour
 d - a +1 pair of gloves (worn)
 m - a +2 scale mail of poison resistance (worn)
 o - a +1 robe of willpower
 r - the +1 helmet "Eneafe" (worn) {rC++ Int+2}
   (You took it off Robin on level 3 of the Dungeon)

   Int:       It affects your intelligence (+2).
   rC:        It greatly protects you from cold.
 D - a +0 plate armour
Jewellery
 z - a ring of magical power (left hand)
 N - an amulet of reflection (around neck)
 O - a ring of poison resistance
Wands
 I - a wand of light (20)
 K - a wand of flame (20)
Scrolls
 e - a scroll of enchant weapon {unknown}
 g - a scroll of magic mapping
 n - 3 scrolls of vulnerability
 p - 3 scrolls of teleportation
 t - 2 scrolls of amnesia
 y - a scroll of enchant armour
Potions
 f - 3 potions of attraction
 h - 3 potions of might
 i - a potion of curing
 l - 2 potions of heal wounds
 v - 4 potions of brilliance
 x - a potion of invisibility
 B - 2 potions of haste
 C - a potion of mutation {unknown}


   Skills:
 + Level 7.2 Fighting
 + Level 5.4 Short Blades
 + Level 5.4 Long Blades
 + Level 5.4 Axes
 + Level 5.4 Maces & Flails
 + Level 5.4 Polearms
 + Level 5.4 Staves
 + Level 10.1 Ranged Weapons
 + Level 5.4 Throwing
 + Level 5.4 Armour
 + Level 7.2 Dodging
 + Level 6.0 Stealth
 + Level 5.4 Shields
 + Level 5.4 Unarmed Combat
 + Level 5.4 Spellcasting
 + Level 4.4 Conjurations
 + Level 4.4 Hexes
 + Level 4.4 Summonings
 + Level 4.4 Necromancy
 + Level 4.4 Translocations
 + Level 4.4 Transmutations
 + Level 4.4 Fire Magic
 + Level 4.4 Ice Magic
 + Level 4.4 Air Magic
 + Level 4.4 Earth Magic
 + Level 4.4 Poison Magic
 + Level 5.9 Invocations
 + Level 5.4 Evocations


You had 12 spell levels left.
You knew the following spells:

 Your Spells              Type           Power      Damage    Failure   Level
a - Passwall              Tmut/Erth      9%         N/A       17%         2
b - Blink                 Tloc           22%        N/A       17%         2
c - Ignite Poison         Fire/Tmut/Pois 11%        N/A       34%         3

Your spell library contained the following spells:

 Spells                   Type           Power      Damage    Failure   Level
 Foxfire                  Conj/Fire      44%        2x1d6     12%         1
 Ensorcelled Hibernation  Hex/Ice        22%        N/A       17%         2
 Call Canine Familiar     Summ           11%        N/A       34%         3
 Conjure Flame            Conj/Fire      11%        6-21      34%         3
 Dazzling Flash           Conj/Hex       22%        N/A       34%         3
 Inner Flame              Hex/Fire       11%        N/A       34%         3
 Lesser Beckoning         Tloc           11%        N/A       34%         3
 Mephitic Cloud           Conj/Pois/Air  11%        N/A       34%         3
 Portal Projectile        Hex/Tloc       22%        N/A       34%         3
 Swiftness                Air            11%        N/A       34%         3
 Cause Fear               Hex            5%         N/A       75%         4
 Flame Wave               Conj/Fire      11%        2d6       75%         4
 Hailstorm                Conj/Ice       11%        3d5       75%         4
 Ice Form                 Ice/Tmut       11%        N/A       75%         4
 Leda's Liquefaction      Hex/Erth       5%         N/A       75%         4
 Agony                    Necr           11%        N/A       97%         5
 Freezing Cloud           Conj/Ice/Air   5%         6-21      97%         5
 Manifold Assault         Tloc           11%        N/A       97%         5
 Silence                  Hex/Air        5%         N/A       97%         5
 Simulacrum               Ice/Necr       5%         N/A       100%        6
 Dragon Form              Tmut           5%         N/A       100%        7
 Dragon's Call            Summ           5%         N/A       100%        9


Dungeon Overview and Level Annotations

Branches:
Dungeon (8/15)             Temple (1/1) D:6           Sewer (visited)
Ossuary (visited)
   Lair: D:8-11

Altars:
Ashenzari
Cheibriados
Elyvilon
Fedhas
Gozag
Hepliaklqana
Makhleb
Nemelex Xobeh
Okawaru
Ru
Sif Muna
Trog
Uskayaw
Vehumet
Wu Jian
Yredelemnul
Zin
The Shining One

Annotations:
D:3 1 runed translucent door, Crazy Yiuf


Innate Abilities, Weirdness & Mutations

You have very sharp teeth.
Your uncanny sense of smell can sniff out nearby items.
Your experience applies equally to all skills.


Message History

You slash the yak!
You feel better.
The yak is almost dead.
The yak gores you.
* * * LOW HITPOINT WARNING * * *
You hit the yak but do no damage. Your bite misses the yak.
The yak is almost dead.
The yak gores you!
* * * LOW HITPOINT WARNING * * *
You hit the yak.
You feel better.
You kill the yak!
Your Stealth skill increases to level 6!
You barely miss the yak. The yak completely misses you.
You hit the yak.
The yak is lightly wounded.
The yak gores you but does no damage.
You barely miss the yak.
The yak is lightly wounded.
The yak gores you.
* * * LOW HITPOINT WARNING * * *
The yak gores you but does no damage.
Okay, then.
Unknown command.
Okay, then.
Unknown command.
Unknown command.
Save game and exit?
Welcome back, jfcaron the Gnoll Hunter.
Nemelex Xobeh says: It's all in the cards!
Press ? for a list of commands and other information.
As you read the scroll labelled HETZON GYTHRI, it crumbles to dust.
You feel aware of your surroundings.
You sensed 1 shop/portal.
It was a scroll of magic mapping.
You block the yak's attack.
As you read the scroll labelled DICITYSKUSUDD, it crumbles to dust.
You hear a loud clanging noise!
It was a scroll of noise.
You hear a shout!
Something shouts, "Slither hence, thou puny boil-brained hugger-mugger!"
The yak gores you!
You die...
Your body disappears without a glow.

****,,,,*#......##########,,,,,*
,,,*,,,,,#.....†#........#,,,,,*
,,,,,,,,,#......'........#,,,,,*
,,,***+**#......#...###..#,*,,,*
**+**,,,,##....##...###..#,,,,,*
,,,**,,,,,+....#.....#...#,∩,*,*
,,,,*,,,,,#...,#YY...#...#,,,,,*
,,,*******#...,#Y##.###..#.#...#
+***,,,,,....,*#@######..#.....#
,,,,,,,,,....,#..#.....^.#.....#
,,,,,,,,,,,,,,#..#.......#.....#
,,,,,,,,,,,,,,+..#.......#.....#
,,,,,,,,,,,,,,#..###.##..#.....##
******+*,,,,,,#..###.##..#.......
,,,,,,,*,,,,,,#...#......'.......
,,,,,,,*,,,,,,+...#......#.......
**+***+*,,,,,,***,##..####.......


You could see 3 yaks.

Vanquished Creatures
  A troll (D:8)
  3 yaks (D:8)
  2 steam dragons (D:7)
  An acid dragon (D:5)
  2 water moccasins (D:7)
  Pargi (D:4)
  A black bear (D:7)
  An ice beast (D:5)
  3 orc warriors
  2 sky beasts
  5 ogres
  2 centaurs
  A bullfrog (D:7)
  A necrophage (D:6)
  A gnoll sergeant (D:5)
  A scorpion (D:5)
  5 wights
  2 howler monkeys (D:7)
  7 jellies
  3 centaur zombies (Ossuary)
  4 orc priests
  2 human zombies (Ossuary)
  A gnoll bouda (D:6)
  3 hounds
  3 iguanas
  8 orc wizards
  Terence (D:2)
  2 mummies (Ossuary)
  Robin (D:3)
  8 gnolls
  15 adders
  3 white imps
  3 ufetubi
  2 adder zombies (Ossuary)
  4 worms
  A dart slug (D:4)
  23 orcs
  22 endoplasms
  11 giant cockroaches
  15 goblins
  10 hobgoblins
  7 quokkas
  20 ball pythons
  9 bats
  7 frilled lizards
  2 goblin zombies (Ossuary)
  12 hobgoblin zombies (Ossuary)
  20 kobolds
  6 kobold zombies (Ossuary)
  7 orc zombies (Ossuary)
  12 rats
  2 rat zombies (Ossuary)
  8 fungi
  16 plants
  8 toadstools (D:3)
323 creatures vanquished.

Notes
Turn   | Place    | Note
-------+----------+-------------------------------------------
     0 | D:1      | jfcaron the Gnoll Hunter began the quest for the Orb.
     0 | D:1      | Reached XP level 1. HP: 20/20 MP: 1/1
    59 | D:1      | Reached XP level 2. HP: 26/26 MP: 2/2
   299 | D:1      | Found a faded altar of an unknown god.
   392 | D:1      | Reached XP level 3. HP: 31/31 MP: 3/3
   414 | D:1      | Reached skill level 1 in Invocations
   525 | D:2      | Noticed Terence
   535 | D:1      | Reached skill level 1 in Short Blades
   535 | D:1      | Reached skill level 1 in Long Blades
   535 | D:1      | Reached skill level 1 in Axes
   535 | D:1      | Reached skill level 1 in Maces & Flails
   535 | D:1      | Reached skill level 1 in Polearms
   535 | D:1      | Reached skill level 1 in Staves
   535 | D:1      | Reached skill level 1 in Throwing
   535 | D:1      | Reached skill level 1 in Armour
   535 | D:1      | Reached skill level 1 in Shields
   535 | D:1      | Reached skill level 1 in Unarmed Combat
   535 | D:1      | Reached skill level 1 in Spellcasting
   535 | D:1      | Reached skill level 1 in Evocations
   757 | D:2      | HP: 5/31 [Terence/+0 trident (5)]
  1195 | D:2      | Killed Terence
  1196 | D:2      | Reached XP level 4. HP: 37/38 MP: 5/5
  1251 | D:2      | You fall into a shaft and drop 1 floor!
  1253 | D:3      | Found an iron altar of Okawaru.
  1299 | D:3      | Found a broken altar of Ashenzari.
  1368 | D:3      | Reached skill level 1 in Conjurations
  1368 | D:3      | Reached skill level 1 in Hexes
  1368 | D:3      | Reached skill level 1 in Summonings
  1368 | D:3      | Reached skill level 1 in Necromancy
  1368 | D:3      | Reached skill level 1 in Translocations
  1368 | D:3      | Reached skill level 1 in Transmutations
  1368 | D:3      | Reached skill level 1 in Fire Magic
  1368 | D:3      | Reached skill level 1 in Ice Magic
  1368 | D:3      | Reached skill level 1 in Air Magic
  1368 | D:3      | Reached skill level 1 in Earth Magic
  1368 | D:3      | Reached skill level 1 in Poison Magic
  1421 | D:3      | Identified the +1 helmet "Eneafe" {rC++ Int+2}
  1421 | D:3      | Noticed Robin
  1447 | D:3      | Killed Robin
  1573 | D:3      | Reached XP level 5. HP: 43/43 MP: 7/7
  1610 | D:3      | Found a runed translucent door.
  1611 | D:3      | Noticed Crazy Yiuf
  2096 | D:3      | Found a glowing golden altar of the Shining One.
  2259 | D:3      | Reached XP level 6. HP: 24/50 MP: 8/8
  2635 | D:3      | Reached skill level 5 in Fighting
  2635 | D:3      | Reached skill level 5 in Dodging
  3438 | D:4      | Learned a level 2 spell: Passwall
  3639 | D:4      | Reached XP level 7. HP: 56/56 MP: 10/10
  3651 | D:4      | Noticed Pargi
  3665 | D:4      | Killed Pargi
  3916 | D:4      | Reached skill level 9 in Ranged Weapons
  4097 | D:5      | Entered Level 5 of the Dungeon
  4125 | D:5      | Found a glowing drain.
  4136 | Sewer    | Entered a sewer
  4237 | Sewer    | Reached XP level 8. HP: 62/63 MP: 12/12
  4332 | Sewer    | Found a viscous altar of Jiyva.
  4362 | D:5      | Found a hide-covered altar of Uskayaw.
  4404 | D:5      | HP: 11/64 [ogre/+0 giant spiked club (25)]
  4474 | D:5      | Found a sand-covered staircase.
  4479 | Ossuary  | Entered an ossuary
  5114 | D:5      | Found a snail-covered altar of Cheibriados.
  5453 | D:5      | Reached XP level 9. HP: 61/69 MP: 14/14
  6082 | D:6      | Found a staircase to the Ecumenical Temple.
  6091 | Temple   | Entered the Ecumenical Temple
  6294 | Temple   | Became a worshipper of Nemelex Xobeh the Trickster
  6773 | D:7      | Reached skill level 5 in Stealth
  7296 | D:7      | Reached skill level 5 in Invocations
  7521 | D:7      | HP: 10/71 [orc/puff of flame (8)]
  7528 | D:7      | HP: 8/71 [howler monkey (4)]
  7907 | D:6      | HP: 14/71 [something (6)]
  8342 | D:7      | Found a hazy altar of Hepliaklqana.
  8403 | D:7      | Reached skill level 5 in Short Blades
  8403 | D:7      | Reached skill level 5 in Long Blades
  8403 | D:7      | Reached skill level 5 in Axes
  8403 | D:7      | Reached skill level 5 in Maces & Flails
  8403 | D:7      | Reached skill level 5 in Polearms
  8403 | D:7      | Reached skill level 5 in Staves
  8403 | D:7      | Reached skill level 5 in Throwing
  8403 | D:7      | Reached skill level 5 in Armour
  8403 | D:7      | Reached skill level 5 in Shields
  8403 | D:7      | Reached skill level 5 in Unarmed Combat
  8403 | D:7      | Reached skill level 5 in Spellcasting
  8403 | D:7      | Reached skill level 5 in Evocations
  8403 | D:7      | Reached XP level 10. HP: 71/77 MP: 17/17
  8600 | D:7      | Reached skill level 10 in Ranged Weapons
  9077 | D:7      | Found a burning altar of Makhleb.
  9218 | D:7      | Learned a level 2 spell: Blink
  9222 | D:7      | Learned a level 3 spell: Ignite Poison
  9285 | D:8      | Reached * piety under Nemelex Xobeh
  9437 | D:8      | HP: 10/79 [yak (8)]
  9442 | D:8      | Upgraded the game from 0.29-a0-1052-g6990b1bffc to
                  | 0.29-a0-1065-g47a6bb87d6
  9443 | D:8      | Slain by a yak

Illustrated notes

Levels and vault maps discovered:
D:1:      psy_arrival_dodecagon, layout_rooms, shapermc_ecumenical_altar_petra,
          corexii_hall_statues_i
D:2:      layout_rooms, uniq_terence
D:3:      cheibrodos_fertilizer, layout_basic, mainiacjoe_overflow_catwalk,
          mainiacjoe_overflow_two_lobes, minmay_snake_closets, uniq_robin,
          uniq_crazy_yiuf_cottage
D:4:      layout_basic, minmay_misc_feat_columns, uniq_pargi
D:5:      layout_cave_pools, nicolae_uskayaw_murder_on_the_dancefloor,
          mainiacjoe_overflow_six_doors_small, gup_sewer_entry_pipe,
          enter_ossuary_2, nicolae_grassy_gnolls
D:6:      layout_basic, minmay_temple_entry_butterflies
D:7:      layout_loops_ring, mainiacjoe_overflow_alcove_4,
          mainiacjoe_overflow_alcove_1, minmay_fractal_squares_diagonal_5
D:8:      layout_gridville, serial_shops, nicolae_shop_stone,
          minmay_misc_feat_alley, uniq_erica
Temple:   bh_familiar_temple

Skill      XL: |  1  2  3  4  5  6  7  8  9 10 |
---------------+-------------------------------+-----
Invocations    | 1 2 3 4 5 |  5.9
Short Blades   | 1 2 3 5 |  5.4
Long Blades    | 1 2 3 5 |  5.4
Axes           | 1 2 3 5 |  5.4
Maces & Flails | 1 2 3 5 |  5.4
Polearms       | 1 2 3 5 |  5.4
Staves         | 1 2 3 5 |  5.4
Throwing       | 1 2 3 5 |  5.4
Armour         | 1 2 3 5 |  5.4
Shields        | 1 2 3 5 |  5.4
Unarmed Combat | 1 2 3 5 |  5.4
Spellcasting   | 1 2 3 5 |  5.4
Evocations     | 1 2 3 5 |  5.4
Conjurations   | 1 2 3 4 |  4.4
Hexes          | 1 2 3 4 |  4.4
Summonings     | 1 2 3 4 |  4.4
Necromancy     | 1 2 3 4 |  4.4
Translocations | 1 2 3 4 |  4.4
Transmutations | 1 2 3 4 |  4.4
Fire Magic     | 1 2 3 4 |  4.4
Ice Magic      | 1 2 3 4 |  4.4
Air Magic      | 1 2 3 4 |  4.4
Earth Magic    | 1 2 3 4 |  4.4
Poison Magic   | 1 2 3 4 |  4.4
Stealth        | 3 4 5 6 |  6.0
Fighting       | 5 6 7 |  7.2
Dodging        | 5 6 7 |  7.2
Ranged Weapons | 9 10 | 10.1

Action                   |  1- 3 |  4- 6 |  7- 9 | 10-12 || total
-------------------------+-------+-------+-------+-------++-------
Melee: Mace              |       |    26 |   121 |    18 ||   165
       Bite              |       |     5 |    21 |    15 ||    41
       Dagger            |       |       |    17 |    14 ||    31
       Short sword       |       |       |     6 |       ||     6
       Punch             |       |       |     2 |     3 ||     5
       Shortbow          |       |       |     1 |       ||     1
       Hand axe          |       |       |       |    38 ||    38
 Fire: Shortbow          |    98 |   272 |   448 |    75 ||   893
Throw: Dart              |       |     1 |    12 |     4 ||    17
       Boomerang         |       |       |     1 |       ||     1
Evoke: Wand              |       |       |     5 |       ||     5
  Use: Scroll            |       |     3 |    10 |     4 ||    17
       Potion            |       |       |     5 |       ||     5
Armor: Leather armour    |     2 |       |       |       ||     2
       Scale mail        |    36 |    65 |   243 |    58 ||   402
Dodge: Dodged            |    54 |    96 |   260 |    47 ||   457
Block: Other             |       |       |       |    25 ||    25

Table legend: (Time is in decaauts)
 A = Elapsed time spent in this place.
 B = Non-inter-level travel time spent in this place.
 C = Inter-level travel time spent in this place.
 D = Time resting spent in this place.
 E = Time spent auto-exploring this place.
 F = Levels seen in this place.
 G = Mean time per level.
                   A        B        C        D        E       F      G
               +--------+--------+--------+--------+--------+-----+--------+
         Total |   9718 |   9227 |    491 |   2411 |   4298 |  11 |  883.5 |
       Dungeon |   8685 |   8264 |    421 |   2195 |   4023 |   8 | 1085.6 |
        Temple |    234 |    164 |     70 |      0 |    159 |   1 |  234.0 |
         Sewer |    258 |    258 |      0 |      0 |      0 |   1 |  258.0 |
       Ossuary |    539 |    539 |      0 |    216 |    116 |   1 |  539.0 |
               +--------+--------+--------+--------+--------+-----+--------+

Top non-repeatable levels by time:
     D:3: 1811 daAuts
     D:6: 1806 daAuts
     D:7: 1598 daAuts
     D:1: 1173 daAuts
     D:5: 865 daAuts
     D:4: 692 daAuts
     D:2: 546 daAuts
 Ossuary: 539 daAuts
   Sewer: 258 daAuts
  Temple: 234 daAuts
     D:8: 191 daAuts
